 Dungeon Crawl Stone Soup version 0.28.0-45-g0d030f2227 (webtiles) character file.

Game seed: 9210141631886075548

89644 Kaptain the Earth Mage (level 15, -13/100 HPs)
             Began as a Gargoyle Earth Elementalist on Apr 14, 2022.
             Killed from afar by Frances (35 damage)
             ... with a shard of ice
             ... on level 2 of the Swamp.
             The game lasted 01:09:52 (34066 turns).

Kaptain the Earth Mage (GrEE)                      Turns: 34066, Time: 01:09:53

Health: -13/100    AC: 24    Str: 11    XL:     15   Next: 98%
Magic:  14/30      EV: 13    Int: 24    God:
Gold:   1840       SH:  6    Dex: 16    Spells: 30/37 levels left

rFire   . . .      SeeInvis +   R - +0 staff of Battle
rCold   . . .      Faith    .   D - +0 buckler
rNeg    + . .      Spirit   .   H - +0 troll leather armour
rPois   ∞          Reflect  .   G - +0 helmet
rElec   +          Harm     .   y - +1 cloak {rPois}
rCorr   .          Rampage  .   (no gloves)
Will    +....                   i - +2 pair of boots
Stlth   +++.......              s - amulet of regeneration
HPRegen 1.86/turn               C - ring of see invisible
MPRegen 0.22/turn               l - +6 ring of dexterity

@: flying
A: sickness immunity, AC +11, big wings, negative energy resistance 1,
electricity resistance, torment resistance 1, petrification resistance
a: no special abilities


You were on level 2 of the Swamp.
You visited 5 branches of the dungeon, and saw 23 of its levels.
You also visited: Ice Cave.

You collected 2475 gold pieces.
You spent 635 gold pieces at shops.

Inventory:

Hand Weapons
 h - a +1 trident of protection
 J - a +0 scimitar of flaming
 R - the +0 staff of Battle (weapon)
   (You found it on level 3 of the Lair of Beasts)

   It enhances your conjuration magic.
   It summons a battlesphere in combat, with strength depending on Conjurations
   skill.
   Its strikes trigger the battlesphere's blasts.
 U - a +3 short sword of holy wrath
Missiles
 c - 367 stones
 q - 6 throwing nets
Armour
 f - a +2 robe of willpower
 i - a +2 pair of boots (worn)
 m - +0 ice dragon scales
 y - a +1 cloak of poison resistance (worn)
 D - a +0 buckler (worn)
 G - a +0 helmet (worn)
 H - a +0 troll leather armour (worn)
 N - +0 swamp dragon scales
 O - a +4 chain mail
Magical Staves
 B - a staff of fire
Jewellery
 k - an amulet of the acrobat
 l - a +6 ring of dexterity (right hand)
 s - an amulet of regeneration (around neck)
 C - a ring of see invisible (left hand)
 Y - a +6 ring of intelligence
Wands
 p - a wand of iceblast (38)
 r - a wand of flame (17)
 t - a wand of mindburst (8)
 z - a wand of polymorph (16)
 E - a wand of paralysis (7)
 T - a wand of digging (7)
Scrolls
 b - 4 scrolls of torment
 j - 4 scrolls of fear
 n - 4 scrolls of teleportation
 o - 2 scrolls of enchant armour
 u - 6 scrolls of amnesia
 x - a scroll of enchant weapon
 A - 5 scrolls of summoning
 L - 4 scrolls of immolation
 V - a scroll of magic mapping
 W - 2 scrolls of identify
Potions
 a - 5 potions of ambrosia
 e - 3 potions of mutation
 g - 2 potions of resistance
 v - 4 potions of curing
 w - a potion of magic
 F - 2 potions of brilliance
 I - 4 potions of might
 M - a potion of cancellation
 P - 2 potions of heal wounds
 Z - 2 potions of haste
Miscellaneous
 d - a lightning rod (4/4)
 K - a phantom mirror


   Skills:
 * Level 13.7 Fighting
 + Level 1.6 Staves
 + Level 9.8 Armour
 - Level 5.0 Dodging
 - Level 5.0 Stealth
 + Level 7.6 Shields
 * Level 11.8 Spellcasting
 * Level 13.7 Conjurations
 - Level 0.7 Transmutations
 * Level 15.3 Earth Magic


You had 30 spell levels left.
You knew the following spells:

 Your Spells              Type           Power      Damage    Failure   Level
a - Sandblast             Erth           100%       2d20      0%          1
b - Stone Arrow           Conj/Erth      100%       3d13      1%          3
c - Swiftness             Air            14%        N/A       21%         3

Your spell library contained the following spells:

 Spells                   Type           Power      Damage    Failure   Level
 Foxfire                  Conj/Fire      100%       2x1d9     1%          1
 Passwall                 Tmut/Erth      43%        N/A       1%          2
 Conjure Flame            Conj/Fire      63%        6-21      1%          3
 Dazzling Flash           Conj/Hex       100%       N/A       1%          3
 Petrify                  Tmut/Erth      52%        N/A       2%          4
 Leda's Liquefaction      Hex/Erth       25%        N/A       3%          4
 Flame Wave               Conj/Fire      63%        2d12      4%          4
 Iskenderun's Mystic Bla  Conj/Tloc      63%        2d13      4%          4
 Animate Skeleton         Necr           28%        N/A       7%          1
 Apportation              Tloc           28%        N/A       7%          1
 Summon Small Mammal      Summ           56%        N/A       7%          1
 Irradiate                Conj/Tmut      32%        3d24      10%         5
 Ensorcelled Hibernation  Hex/Ice        28%        N/A       11%         2
 Call Canine Familiar     Summ           14%        N/A       21%         3
 Inner Flame              Hex/Fire       14%        N/A       21%         3
 Portal Projectile        Hex/Tloc       28%        N/A       21%         3
 Starburst                Conj/Fire      31%        6d10      54%         6
 Passage of Golubria      Tloc           14%        N/A       56%         4
 Lehudib's Crystal Spear  Conj/Erth      45%        10d11     75%         8
 Silence                  Hex/Air        7%         N/A       88%         5
 Dispersal                Tloc           7%         N/A       100%        6
 Disjunction              Tloc           7%         N/A       100%        8
 Sublimation of Blood     Necr           Unusable   N/A       N/A         2

Dungeon Overview and Level Annotations

Branches:
Dungeon (12/15)            Temple (1/1) D:4            Lair (6/6) D:11
  Swamp (2/4) Lair:4       Spider (0/4) Lair:4        Slime (0/5) Lair:5
    Orc (2/2) D:9             Elf (0/3) Orc:2         IceCv (visited)

Altars:
Ashenzari
Cheibriados
Dithmenos
Elyvilon
Fedhas
Gozag
Hepliaklqana
Kikubaaqudgha
Makhleb
Nemelex Xobeh
Okawaru
Qazlal
Ru
Sif Muna
Trog
Uskayaw
Vehumet
Wu Jian
Xom
Yredelemnul
Zin
The Shining One
Beogh
Lugonu

Shops:
D:2 [   Orc:1 *   Orc:2 !:[=

Portals:
Abyss: Lair:6

Annotations:
Lair:4 2 transporters, Tunlugh's ghost, adept GrEE
Swamp:2 Frances


Innate Abilities, Weirdness & Mutations

You are immune to sickness and miasma.
Your stone body is resilient. (AC +11)
You are immune to poison.
Your large and strong wings let you fly.
You resist negative energy. (rN+)
You are resistant to electric shocks. (rElec)
You are resistant to unholy torment.
You are immune to petrification.


Message History

Press: ? - help, Shift-Dir - straight line, f/p - fenstrider witch
Aim: a fenstrider witch, wearing a +0 robe (severely wounded, 63% to hit)
You feel a surge of power!
The stone arrow misses the fenstrider witch.
Your battlesphere fires!
The barrage of energy hits the alligator!!
The alligator is moderately wounded.
Frances hits you with a +4 long sword.
* * * LOW HITPOINT WARNING * * *
The fenstrider witch hits you.
* * * LOW HITPOINT WARNING * * *
The fenstrider witch closely misses you.
The alligator closely misses you. The alligator tail-slaps you!
* * * LOW HITPOINT WARNING * * *
Frances barely misses you.
Unknown command.
Casting: Stone Arrow (safe; 1% risk of failure)
Confirm with . or Enter, or press ? or * to list all spells.
Aiming: Stone Arrow (safe; 1% risk of failure)
Press: ? - help, Shift-Dir - straight line, f/p - fenstrider witch
Aim: a fenstrider witch, wearing a +0 robe (severely wounded, 63% to hit)
You feel a surge of power!
The stone arrow hits the fenstrider witch!!
You kill the fenstrider witch!
You hear a splash. x2
A fenstrider witch bone magically twists into a wand of flame (18).
Your battlesphere fires!
The barrage of energy hits the alligator!
The alligator is heavily wounded.
Frances screams a word of power!
You block the alligator's attack. The alligator barely misses you.
Okay, then.
You feel much better. Frances hits you with a +4 long sword!
* * * LOW HITPOINT WARNING * * *
The alligator bites you.
* * * LOW HITPOINT WARNING * * *
The alligator barely misses you.
Frances whispers indecipherable words.
The shard of ice hits you!!
You die...

♣♣♣≈♣♣≈≈≈♣♣.≈.♣
♣♣♣♣≈♣♣...♣...♣♣♣
.≈≈.♣♣♣♣..≈.....♣
♣...♣♣♣≈.....§≈.♣♣
♣.≈≈≈♣♣.≈≈≈≈≈≈≈.≈♣♣
♣≈≈≈.♣≈≈≈≈≈≈≈≈...≈♣
.≈≈≈.≈§≈≈≈≈≈≈*....♣
.......<≈≈≈≈≈§≈..4♣
.♣♣.≈≈≈≈≈≈≈.≈≈≈/@.♣
..♣.≈≈≈≈≈≈≈..≈≈t@4♣
.♣♣.≈≈≈≈≈.♣..≈§≈≈.4♣
.♣♣.≈≈≈≈≈..≈...≈≈≈.♣
≈.♣ .≈≈≈≈......≈≈≈.♣
≈.. ..≈...≈≈≈§. ≈≈.
≈.≈≈.!.≈≈≈≈.
♣♣♣≈≈≈≈≈≈≈≈≈≈≈...≈≈§≈≈
≈♣≈.≈≈≈≈§≈.≈≈ ..≈≈≈≈≈♣


You could see Frances (fast, ally target), an alligator (swift), a rust devil
(summoned), a chaos spawn (summoned), a red devil (summoned) and a friendly
battlesphere.

Vanquished Creatures
  A thorn hunter (Swamp:1)
  A fenstrider witch (Swamp:2)
  An eleionoma (Swamp:2)
  A bunyip (Swamp:1)
  2 boulder beetles
  Harold (D:7)
  10 hydras
  2 ogre magi (Orc:2)
  An ice dragon (D:11)
  2 alligators (Swamp:1)
  2 catoblepae
  5 death yaks
  3 thrashing horrors (Lair:6)
  Nergalle (Orc:2)
  2 goliath frogs
  3 bog bodies (Swamp:2)
  A lindwurm (Lair:5)
  11 orc sorcerers
  A wolf spider (Lair:5)
  3 ugly things
  3 orc knights
  A cyclops (Orc:2)
  5 black mambas
  6 elephants
  2 ice statues (IceCv)
  A smoke demon (Lair:6)
  Psyche (D:9)
  12 cane toads
  An efreet (D:10)
  12 rime drakes
  11 komodo dragons
  2 ancient zymes (Lair:6)
  3 entropy weaver simulacra (IceCv)
  4 trolls
  A queen bee (D:9)
  3 hornets
  3 tyrant leeches
  4 polar bears
  Prince Ribbit (D:7)
  21 slime creatures
  23 dream sheep
  Sigmund (D:4)
  13 blink frogs
  A shadow (D:11)
  A spriggan (shapeshifter) (Lair:6)
  2 wyverns
  3 large abominations (Lair:6)
  5 spriggans
  2 water elementals (D:11)
  39 yaks
  3 ynoxinuls (Lair:6)
  A fire elemental (D:11)
  9 steam dragons (Lair:3)
  6 basilisks
  13 vampire mosquitoes
  A chaos spawn (Lair:6)
  3 wargs
  10 swamp worms
  An acid dragon (Lair:3)
  Duvessa (D:5)
  5 demonic crawler simulacra (IceCv)
  Edmund (D:5)
  16 water moccasins
  An ice beast (D:6)
  A black bear (shapeshifter) (D:10)
  2 black bears
  6 necrophages
  3 sky beasts
  A swamp drake (Swamp:1)
  7 ogres
  22 orc warriors
  2 ugly thing simulacra (IceCv)
  A centaur (shapeshifter) (Lair:6)
  10 centaurs
  9 wolves
  5 kobold brigands
  13 bullfrogs
  2 glowing shapeshifter simulacra (IceCv)
  2 gnoll sergeants
  A water moccasin zombie (D:5)
  A wyvern zombie (D:8)
  2 scorpions
  2 water moccasin skeletons
  Dowan (D:5)
  36 killer bees
  4 wights (D:9)
  3 electric eels (D:11)
  3 howler monkeys
  10 small abominations (Lair:6)
  2 bullfrog zombies (D:5)
  6 centaur zombies
  2 centaur skeletons
  5 jellies
  17 orc priests
  Crazy Yiuf (D:7)
  3 hounds (D:6)
  2 gnoll shamans (D:4)
  2 iguanas
  A bullfrog skeleton (D:5)
  31 orc wizards
  A hound zombie (D:5)
  A howler monkey zombie (D:3)
  31 gnolls
  2 howler monkey skeletons
  4 adders
  3 white imps
  An adder skeleton (D:4)
  2 worms
  2 dart slugs
  84 orcs
  7 ball pythons
  6 bats
  7 endoplasms
  2 giant cockroaches
  10 goblins
  7 hobgoblins
  7 jackals
  3 quokkas
  2 frilled lizards
  33 kobolds
  A quokka skeleton (D:4)
  9 rats
758 creatures vanquished.

Vanquished Creatures (others)
  A bloated husk (Swamp:1)
  A steam dragon (Lair:3)
  A black bear (D:11)
  An orc wizard (Orc:2)
  2 orcs (D:9)
  A butterfly (D:9)
  51 fungi
  32 plants
  7 toadstools (Swamp:1)
97 creatures vanquished.

Grand Total: 855 creatures vanquished

Notes
Turn   | Place    | Note
-------+----------+-------------------------------------------
     0 | D:1      | Kaptain the Gargoyle Earth Elementalist began the quest for
                  | the Orb.
     0 | D:1      | Reached XP level 1. HP: 10/10 MP: 3/3
   149 | D:1      | Reached XP level 2. HP: 16/16 MP: 3/5
   307 | D:1      | Found a faded altar of an unknown god.
   508 | D:1      | Reached skill level 1 in Conjurations
   595 | D:1      | Reached skill level 4 in Earth Magic
   629 | D:1      | Reached skill level 1 in Fighting
   629 | D:1      | Reached XP level 3. HP: 20/20 MP: 3/6
  1240 | D:2      | Reached skill level 1 in Armour
  1470 | D:2      | Reached XP level 4. HP: 18/25 MP: 4/7
  1705 | D:2      | Found Gainutary's Armour Boutique.
  2161 | D:3      | Learned a level 3 spell: Stone Arrow
  3093 | D:4      | Noticed an ogre
  3098 | D:4      | Killed an ogre
  3099 | D:4      | Reached XP level 5. HP: 30/30 MP: 0/9
  3368 | D:4      | Reached XP level 6. HP: 36/36 MP: 6/10
  3591 | D:4      | Reached skill level 5 in Earth Magic
  3830 | D:4      | Found a staircase to the Ecumenical Temple.
  3843 | D:4      | Reached XP level 7. HP: 41/41 MP: 2/12
  3845 | Temple   | Entered the Ecumenical Temple
  4508 | D:4      | Noticed Sigmund
  4513 | D:4      | Killed Sigmund
  4688 | D:4      | HP: 1/41 [gnoll/+0 spear (4)]
  5036 | D:4      | Found a radiant altar of Vehumet.
  5186 | D:5      | Entered Level 5 of the Dungeon
  5194 | D:5      | Noticed Duvessa
  5194 | D:5      | Noticed Dowan
  5201 | D:5      | Killed Duvessa
  5202 | D:5      | Reached XP level 8. HP: 48/48 MP: 3/14
  5280 | D:5      | Killed Dowan
  5281 | D:5      | Reached skill level 6 in Earth Magic
  5916 | D:5      | Found a sparkling altar of Nemelex Xobeh.
  5944 | D:5      | Found a shadowy altar of Dithmenos.
  5991 | D:5      | Noticed Edmund
  6095 | D:5      | Noticed a yak
  6099 | D:5      | Killed a yak
  6138 | D:5      | Killed Edmund
  6390 | D:5      | Reached skill level 5 in Conjurations
  6671 | D:5      | Reached skill level 5 in Fighting
  6760 | D:5      | Found a shadowy altar of Dithmenos.
  7086 | D:6      | Reached skill level 7 in Earth Magic
  7125 | D:6      | Reached XP level 9. HP: 54/54 MP: 6/16
  7208 | D:6      | Reached skill level 5 in Spellcasting
  7327 | D:6      | Found a snail-covered altar of Cheibriados.
  7328 | D:6      | Found a burning altar of Makhleb.
  8292 | D:7      | Found a sacrificial altar of Ru.
  8713 | D:7      | Noticed Prince Ribbit
  8724 | D:7      | Killed Prince Ribbit
  8725 | D:7      | Reached skill level 8 in Earth Magic
  8875 | D:7      | Found a runed translucent door.
  8876 | D:7      | Noticed Crazy Yiuf
  8881 | D:7      | Killed Crazy Yiuf
  9129 | D:7      | Noticed Harold
  9135 | D:7      | Killed Harold
  9136 | D:7      | Reached XP level 10. HP: 36/61 MP: 1/19
  9505 | D:8      | Found an iron altar of Okawaru.
 10166 | D:8      | Found a shimmering blue altar of Sif Muna.
 11317 | D:9      | Reached skill level 9 in Earth Magic
 11774 | D:9      | Found a staircase to the Orcish Mines.
 11777 | D:9      | Reached skill level 5 in Armour
 12100 | D:9      | Reached skill level 1 in Shields
 12183 | D:9      | Found a stormy altar of Qazlal.
 12451 | D:9      | Reached XP level 11. HP: 19/68 MP: 2/21
 12901 | D:9      | Found a white marble altar of Elyvilon.
 13256 | D:10     | Entered Level 10 of the Dungeon
 13661 | D:10     | Reached skill level 10 in Earth Magic
 14179 | D:11     | Found a frozen archway.
 14182 | D:11     | Noticed an ice dragon
 14221 | D:11     | Killed an ice dragon
 14253 | IceCv    | Entered an ice cave
 15076 | IceCv    | Reached XP level 12. HP: 76/76 MP: 14/24
 15377 | IceCv    | Reached skill level 11 in Earth Magic
 16587 | D:11     | Found a hide-covered altar of Uskayaw.
 16842 | D:11     | Found a staircase to the Lair.
 17231 | Lair:1   | Entered Level 1 of the Lair of Beasts
 17521 | Lair:1   | Noticed a six-headed hydra
 17526 | Lair:1   | Killed a six-headed hydra
 17527 | Lair:1   | Reached skill level 10 in Fighting
 17527 | Lair:1   | Reached skill level 10 in Conjurations
 17873 | Lair:1   | Identified the +1 scale mail of Gallantry {+Inv rC- Will+++
                  | Str-3 Dex+4}
 18695 | Lair:2   | Reached skill level 5 in Shields
 18700 | Lair:2   | Reached skill level 12 in Earth Magic
 19393 | Lair:2   | Noticed a five-headed hydra
 19399 | Lair:2   | Killed a five-headed hydra
 19400 | Lair:2   | Reached XP level 13. HP: 83/83 MP: 15/26
 20278 | Lair:3   | Found the +0 staff of Battle
 21473 | Lair:3   | Reached skill level 13 in Earth Magic
 21942 | Lair:3   | Reached skill level 10 in Spellcasting
 22599 | Lair:4   | Found a hazy altar of Hepliaklqana.
 22724 | Lair:4   | Found a staircase to the Swamp.
 22788 | Lair:4   | Found a hole to the Spider Nest.
 22937 | Lair:4   | Found a transporter.
 22938 | Lair:4   | Found a transporter.
 22942 | Lair:4   | Found a bloodstained altar of Trog.
 23049 | Lair:4   | Noticed Tunlugh's ghost (adept GrEE)
 23390 | Lair:5   | Gained mutation: Your large and strong wings let you fly.
                  | [Gargoyle growth]
 23390 | Lair:5   | Reached XP level 14. HP: 83/91 MP: 18/28
 23488 | Lair:5   | Found a staircase to the Slime Pits.
 24312 | Lair:6   | Entered Level 6 of the Lair of Beasts
 25933 | Lair:6   | Reached skill level 14 in Earth Magic
 26015 | Lair:5   | Reached skill level 5 in Dodging
 27418 | Lair:6   | Reached XP level 15. HP: 96/97 MP: 14/30
 27668 | Lair:6   | Found a corrupted altar of Lugonu.
 27668 | Lair:6   | Found a one-way gate to the infinite horrors of the Abyss.
 28349 | D:11     | Reached skill level 5 in Stealth
 28786 | Orc:1    | Entered Level 1 of the Orcish Mines
 28856 | D:9      | Paralysed by an orc wizard for 7 turns
 28903 | D:9      | Noticed Psyche
 28907 | D:9      | Killed Psyche
 29637 | Orc:1    | Found Ebum's CLEARANCE SALE!.
 29704 | Orc:1    | Bought a potion of resistance for 30 gold pieces
 29704 | Orc:1    | Bought a potion of haste for 30 gold pieces
 29704 | Orc:1    | Bought a potion of haste for 30 gold pieces
 30006 | Orc:2    | Entered Level 2 of the Orcish Mines
 30139 | Orc:2    | Found a staircase to the Elven Halls.
 31077 | Orc:2    | Found Gismuiku's Jewellery Shoppe.
 31213 | Orc:2    | Found Leheu's Antique Armour Emporium.
 31261 | Orc:2    | Found a radiant altar of Vehumet.
 31386 | Orc:2    | Found Unia's Book Emporium.
 31404 | Orc:2    | Noticed Nergalle
 31410 | Orc:2    | Killed Nergalle
 31415 | Orc:2    | Bought a book of Burglary for 320 gold pieces
 31419 | Orc:2    | Learned a level 3 spell: Swiftness
 31532 | Orc:2    | Paralysed by an orc sorcerer for 2 turns
 31540 | Orc:2    | Found Kureusho's Distillery.
 31724 | Orc:2    | Reached skill level 15 in Earth Magic
 31796 | Orc:2    | Found an ancient bone altar of Kikubaaqudgha.
 31935 | Orc:2    | Bought an embroidered cloak for 225 gold pieces
 32185 | Swamp:1  | Entered Level 1 of the Swamp
 32458 | Swamp:1  | Noticed a thorn hunter
 32466 | Swamp:1  | Killed a thorn hunter
 33036 | Swamp:1  | Reached skill level 1 in Staves
 34051 | Swamp:2  | Noticed a fenstrider witch
 34054 | Swamp:2  | Noticed Frances
 34058 | Swamp:2  | Paralysed by a fenstrider witch for 6 turns
 34064 | Swamp:2  | HP: 2/100 [alligator (7)]
 34065 | Swamp:2  | Killed a fenstrider witch
 34066 | Swamp:2  | Killed from afar by Frances

Illustrated notes

Levels and vault maps discovered:
D:1:      arrival_zaba_pyramid, layout_basic, chequers_ecumenical_altar_island
D:2:      layout_basic, serial_shops, shop_coins, hangedman_decor_peaks_small
D:3:      layout_basic, amcnicky_mini_rare_corridor_liquid, minmay_misc_feat_x,
          hangedman_decor_clover_reticule, minmay_circle_x
D:4:      layout_basic, kennysheep_little_box, minmay_temple_entry_water_ring,
          uniq_sigmund
D:5:      layout_basic, nemelex_spade_bored_becter,
          nicolae_dithmenos_through_a_glass_darkly, kennysheep_flooded_box,
          st_stairs_6, uniq_edmund, uniq_duvessa
D:6:      layout_cave_pools, gammafunk_temple_overflow_wave
D:7:      layout_loops_ring, nicolae_ru_sacrificial_ziggurat,
          uniq_prince_ribbit1, uniq_crazy_yiuf_cottage, uniq_harold
D:8:      layout_basic, mainiacjoe_overflow_24_doors, okawaru_metal_pillars_1_2,
          nicolae_concentric_dashed_squares_mild, nicolae_benzene_ring,
          hangedman_decor_points, minivault_22
D:9:      layout_roguey [special_room_bee], nicolae_elyvilon_peaceful_grove,
          mainiacjoe_overflow_cross_hatched, hiddenorc2_lemuel, uniq_psyche
D:10:     layout_basic, dk_rats_in_the_wall
D:11:     layout_basic, david_lair_generic,
          portal_ice_cave_entry_animals_and_master, nicolae_uskayaw_suspiria
D:12:     layout_rooms, st_stairs_5, uniq_nessos
Temple:   minmay_temple_forest_path
Lair:1:   layout_gridlike, grunt_megastairs_3
Lair:2:   layout_small_grid
Lair:3:   layout_concentric_octagons, chequers_serial_rivers_room_b,
          bobbens_dragon_lair_wall
Lair:4:   layout_long_grid, minmay_swamp_entry_worms,
          spider_nest_entry_web_field, gammafunk_ghost_wrathful_warriors,
          basic_altar, roderic_carrion_pond
Lair:5:   layout_misc_corridors, minmay_slime_entry_pillars, wad_woods_03,
          grunt_megastairs_1
Lair:6:   hellmonk_lair_end_abyssal_woods, layout_cave_pods
Swamp:1:  cheibrodos_swamp_tower_of_moss, layout_falls_marsh, serial_swamp_ruin,
          evilmike_swamp_ruin_house_2, evilmike_swamp_ruin_house_5
Swamp:2:  layout_basic_swamp, nicolae_swamp_well_well_well, uniq_frances
Orc:1:    layout_diamond_mine, serial_shops, shop, nicolae_shop_clearance
Orc:2:    kennysheep_orc_mage_school, layout_caves, minmay_orc_keep

Skill      XL: |  1  2  3  4  5  6  7  8  9 10 11 12 13 14 15 |
---------------+----------------------------------------------+-----
Conjurations   | 1 2 3 4 5 6 7 9 10 11 12 13 | 13.7
Earth Magic    | 4 5 7 8 9 10 12 13 14 15 | 15.3
Fighting       | 1 2 3 5 6 7 9 10 11 12 13 | 13.7
Armour         | 1 2 3 4 5 6 7 8 9 |  9.8
Dodging        | 2 3 4 5 |  5.0
Spellcasting   | 3 4 6 7 8 9 10 11 | 11.8
Shields        | 1 3 5 6 7 |  7.6
Stealth        | 3 4 5 |  5.0
Staves         | 1 |  1.6
Transmutations | |  0.7

Action                   |  1- 3 |  4- 6 |  7- 9 | 10-12 | 13-15 || total
-------------------------+-------+-------+-------+-------+-------++-------
Melee: Dagger            |    30 |       |       |       |       ||    30
       Punch             |     1 |       |     2 |       |       ||     3
       Trident           |       |    30 |    40 |   162 |    13 ||   245
       Staff             |       |       |       |       |   148 ||   148
 Fire: Fustibalus        |       |       |       |     9 |       ||     9
 Cast: Sandblast         |    58 |    42 |    59 |   211 |    21 ||   391
       Stone Arrow       |       |    12 |    92 |   249 |   619 ||   972
Evoke: Phantom mirror    |       |       |       |     1 |       ||     1
       Wand              |       |       |       |       |     4 ||     4
  Use: Scroll            |     1 |     1 |     5 |    18 |     4 ||    29
       Potion            |       |       |     4 |    10 |     2 ||    16
 Stab: Sleeping          |       |     2 |       |       |       ||     2
       Invisible         |       |       |       |     2 |       ||     2
       Distracted        |       |       |       |     1 |       ||     1
       Paralysed         |       |       |       |       |     7 ||     7
Armor: Robe              |     7 |       |    27 |    90 |       ||   124
       Leather armour    |    17 |    21 |    15 |       |       ||    53
       Skin              |       |       |    15 |       |       ||    15
       Troll leather arm |       |       |       |    56 |   234 ||   290
       Ice dragon scales |       |       |       |   185 |       ||   185
Dodge: Dodged            |    32 |    32 |    55 |   298 |   244 ||   661
Block: Buckler           |       |       |       |   102 |    96 ||   198
